 Dungeon Crawl Stone Soup version 0.20.1-1-g8b1a95d (webtiles) character file.

941 letownia2 the Magician (level 8, 0/48 HPs)
             Began as a Gargoyle Wizard on Jan 3, 2018.
             Killed by divine providence
             ... invoked by an orc priest
              (7 damage)
             ... on level 6 of the Dungeon.
             The game lasted 00:13:27 (5063 turns).

letownia2 the Magician (Gargoyle Wizard)            Turns: 5063, Time: 00:13:28

Health: 0/48       AC:  8    Str: 13    XL:     8   Next: 12%
Magic:  8/16       EV: 11    Int: 19    God:
Gold:   187        SH:  0    Dex:  8    Spells: 9/18 levels left

rFire    . . .     SeeInvis .   h - +0 dagger
rCold    . . .     Gourm    .   (no shield)
rNeg     + . .     Faith    .   k - +0 leather armour
rPois    ∞         Spirit   .   b - +0 hat
rElec    +         Reflect  .   (no cloak)
rCorr    .         Harm     .   (no gloves)
MR       .....                  (no boots)
Stlth    +.........             (no amulet)
Regen    0.2/turn               (no ring)
MPRegen  0.2/turn               (no ring)

@: very slightly contaminated
A: negative energy resistance 1, electricity resistance, unbreathing,
petrification resistance, rot immunity, AC +5
a: no special abilities


You were on level 6 of the Dungeon.
You were not hungry.

You visited 1 branch of the dungeon, and saw 6 of its levels.

You collected 187 gold pieces.

Inventory:

Hand Weapons
 h - a +0 dagger (weapon)
 j - a +0 hunting sling
Missiles
 e - 4 tomahawks (quivered)
 r - 65 bolts
Armour
 b - a +0 hat (worn)
 k - a +0 leather armour (worn)
 l - a +0 ring mail
Wands
 p - a wand of polymorph (10/24)
 u - a wand of polymorph (11/24)
Scrolls
 n - 2 scrolls of identify {unknown}
 t - 2 scrolls of teleportation {unknown}
Potions
 g - 2 potions of heal wounds {unknown}
 i - 2 potions of brilliance {unknown}
 o - a potion of curing {unknown}
 q - 2 potions of lignification {unknown}
 s - a potion of cancellation {unknown}
Books
 c - a book of Minor Magic

   Spells                             Type                      Level
   a - Magic Dart                     Conjuration                  1
   b - Blink                          Translocation                2
   c - Call Imp                       Summoning                    2
   d - Slow                           Hexes                        2
   e - Conjure Flame                  Conjuration/Fire             3
   f - Mephitic Cloud                 Conjuration/Poison/Air       3
Comestibles
 a - a meat ration
 d - 2 bread rations
 f - 7 fruits
 m - a royal jelly


   Skills:
 + Level 4.5 Fighting
 - Level 1.5 Dodging
 - Level 2.3 Stealth
 + Level 5.5 Spellcasting
 - Level 4.2 Conjurations
   Level 0.8 Summonings
 - Level 1.1 Translocations
 - Level 2.0 Fire Magic
 - Level 2.0 Air Magic
 - Level 2.1 Poison Magic


You had 9 spell levels left.
You knew the following spells:

 Your Spells              Type           Power        Failure   Level  Hunger
a - Magic Dart            Conj           ###.         2%          1    None
b - Blink                 Tloc           N/A          14%         2    None
c - Conjure Flame         Conj/Fire      ###.....     12%         3    ##.....
e - Mephitic Cloud        Conj/Pois/Air  ###.....     14%         3    ##.....


Dungeon Overview and Level Annotations

Branches:
Dungeon (6/15)             Temple (0/1) D:6

Altars:
Nemelex Xobeh
Ru
Uskayaw

Annotations:
D:6 Edmund, Pikel, Sigmund


Innate Abilities, Weirdness & Mutations

You are resistant to torment.
Your stone body is resilient. (AC +5)
You are immune to poison.
You resist negative energy. (rN+)
You are resistant to electric shocks. (rElec)
You can survive without breathing.
You are immune to petrification.
You are immune to rotting.


Message History

Press: ? - help, Shift-Dir - straight line, p - Edmund You miscast Mephitic Cloud.
You are very lightly contaminated with residual magic.
You feel a strange surge of energy!
Unknown command.
Unknown command.
Casting: Mephitic Cloud
Confirm with . or Enter, or press ? or * to list all spells.
Aiming: Mephitic Cloud
Press: ? - help, Shift-Dir - straight line, f - orc priest
Aim: an orc priest, wielding a hand axe The ball explodes into a vile cloud!
The stinking cloud engulfs something.
The stinking cloud engulfs the orc priest.
Unknown command.
Unknown command.
Unknown command.
The orc priest is engulfed in noxious fumes.
The orc priest mumbles some strange prayers to Beogh against you.
Beogh smites you!
You die...

.......>....... #
#.........#
#.##..⌠...⌠..##.#
#......)........#
....#..o......###
# ##§##.##.## #
#§.@.....#
#.##.########
#...@#
#######.###
#.........#
#.#####.#.# #.#
#.#.# #.# #.#.#
.... #.# #.#.#
.#. #.#####.#.#
#.. #.......#.#
#..


You could see an orc priest.

Vanquished Creatures
  2 ogres
  Blork the orc (D:5)
  A water moccasin skeleton (D:4)
  A crimson imp (D:5)
  3 bullfrog skeletons
  3 hounds
  2 iguanas (D:4)
  4 orc wizards
  6 worker ants
  A hound skeleton (D:5)
  6 adders
  3 gnolls (D:4)
  An adder skeleton (D:4)
  2 worms (D:4)
  5 leopard geckos
  16 orcs
  4 goblins (D:3)
  10 jackals
  2 quokkas
  2 bats
  A frilled lizard (D:4)
  2 rats
78 creatures vanquished.

Vanquished Creatures (collateral kills)
  An orc wizard (D:5)
1 creature vanquished.

Grand Total: 79 creatures vanquished

Notes
Turn   | Place    | Note
-------+----------+-------------------------------------------
     0 | D:1      | letownia2 the Gargoyle Wizard began the quest for the Orb.
     0 | D:1      | Reached XP level 1. HP: 10/10 MP: 4/4
   204 | D:3      | Reached XP level 2. HP: 1/15 MP: 0/6
   896 | D:4      | Reached XP level 3. HP: 15/19 MP: 1/7
   903 | D:3      | Learned a level 3 spell: Mephitic Cloud
   907 | D:3      | Learned a level 3 spell: Conjure Flame
  1310 | D:4      | Reached XP level 4. HP: 1/24 MP: 0/8
  1738 | D:3      | Learned a level 2 spell: Blink
  1761 | D:4      | Reached skill level 1 in Translocations
  1981 | D:4      | Reached XP level 5. HP: 28/28 MP: 3/9
  2085 | D:4      | Noticed an ogre
  2113 | D:4      | Killed an ogre
  2113 | D:4      | Reached skill level 1 in Fighting
  2113 | D:4      | Reached skill level 1 in Fire Magic
  2113 | D:4      | Reached skill level 1 in Air Magic
  2113 | D:4      | Reached skill level 1 in Poison Magic
  2321 | D:4      | Found a hide-covered altar of Uskayaw.
  2321 | D:4      | Noticed a hand axe
  2321 | D:4      | Noticed a dagger
  2331 | D:4      | Reached XP level 6. HP: 34/34 MP: 3/11
  3100 | D:4      | Reached skill level 4 in Spellcasting
  3282 | D:5      | Entered Level 5 of the Dungeon
  3290 | D:5      | Reached XP level 7. HP: 38/38 MP: 2/13
  3760 | D:5      | Noticed Blork the orc
  3775 | D:5      | Found a sacrificial altar of Ru.
  3918 | D:5      | Killed Blork the orc
  4192 | D:5      | Found a sparkling altar of Nemelex Xobeh.
  4257 | D:5      | Reached skill level 5 in Spellcasting
  4669 | D:5      | Reached XP level 8. HP: 48/48 MP: 6/16
  4865 | D:6      | Noticed Pikel
  5043 | D:6      | Found a staircase to the Ecumenical Temple.
  5045 | D:6      | Noticed Edmund
  5045 | D:6      | Noticed Sigmund
  5063 | D:6      | Killed from afar by an orc priest

Skill      XL: |  1  2  3  4  5  6  7 |
---------------+----------------------+-----
Conjurations   | 2 4 |  4.2
Translocations | 1 |  1.1
Fighting       | 1 4 |  4.5
Fire Magic     | 1 2 |  2.0
Air Magic      | 1 2 |  2.0
Poison Magic   | 1 2 |  2.1
Spellcasting   | 4 5 |  5.5
Dodging        | |  1.5
Stealth        | |  2.3
Summonings     | |  0.8

Action                   |  1- 3 |  4- 6 |  7- 9 || total
-------------------------+-------+-------+-------++-------
Melee: Unarmed           |     9 |       |       ||     9
       Dagger            |    25 |   148 |   224 ||   397
Throw: Tomahawk          |     3 |     7 |     1 ||    11
 Cast: Magic Dart        |    53 |   112 |    66 ||   231
       Mephitic Cloud    |       |    10 |    15 ||    25
       Conjure Flame     |       |     5 |     5 ||    10
 Stab: Confused          |       |     3 |     9 ||    12
  Eat: Chunk             |     1 |     8 |     7 ||    16
Armor: Robe              |    41 |       |       ||    41
       Ring mail         |    12 |    47 |       ||    59
       Leather armour    |       |    19 |    76 ||    95
Dodge: Dodged            |    90 |    68 |   119 ||   277
